 Dungeon Crawl Stone Soup version 0.27.1-4-g1640c2035a (webtiles) character file.

Game seed: 16184223354932909408

294375 AarnesTheHuman the Acrobat (level 20, -10/174 HPs)
             Began as a Merfolk Gladiator on Nov 2, 2021.
             Was the Champion of Makhleb.
             Mangled by Sojobo (13 damage)
             ... while paralysed by an air elemental
             ... on level 3 of the Vaults on Nov 3, 2021.
             The game lasted 02:21:01 (46628 turns).

AarnesTheHuman the Acrobat (Merfolk Gladiator)     Turns: 46628, Time: 02:21:02

Health: -10/174    AC: 14    Str: 23    XL:     20   Next: 85%
Magic:  31/31      EV:  2    Int: 10    God:    Makhleb [******]
Gold:   1283       SH:  0    Dex: 25    Spells: 19/19 levels left

rFire    . . .     SeeInvis .   a - +8 trident (freeze)
rCold    + + .     Faith    .   B - +0 tower shield of the Other Side {Rampage Dex+4}
rNeg     . . .     Spirit   .   P - +2 ring mail of Gehenna {rPois rC++ Regen+ Stlth-}
rPois    +         Reflect  +   W - +0 helmet of Recklessness {rElec rPois Int+2 Dex-3}
rElec    +         Harm     .   L - +2 cloak {Will+}
rCorr    +         Rampage  +   r - +0 pair of fencer's gloves {Riposte Dex+3}
Will     ++...                  (no boots)
Stlth    ..........             g - amulet of reflection
HPRegen  1.39/turn              l - ring of resist corrosion
MPRegen  0.22/turn              p - +6 ring of dexterity

@: paralysed, hasted
A: (nimble swimmer 2), mertail
}: 2/15 runes: serpentine, barnacled
a: Renounce Religion, Minor Destruction, Lesser Servant of Makhleb, Major
Destruction, Greater Servant of Makhleb


You were on level 3 of the Vaults.
You worshipped Makhleb.
Makhleb was exalted by your worship.
You visited 8 branches of the dungeon, and saw 36 of its levels.
You also visited: Sewer, Bailey and Gauntlet.

You collected 3558 gold pieces.
You spent 2275 gold pieces at shops.

Inventory:

Hand Weapons
 a - a +8 trident of freezing (weapon)
 b - a +2 demon trident of flaming
 z - a +2 vampiric demon trident
Missiles
 d - 8 throwing nets
 m - 12 silver boomerangs
 y - 105 poisoned darts
 O - 24 silver javelins
 Z - 40 javelins (quivered)
Armour
 r - the +0 pair of fencer's gloves (worn) {Riposte Dex+3}
   (You bought it in a shop on level 2 of the Orcish Mines)

   It allows the wearer to riposte with any weapon, or to riposte more often
   with a long blade, swiftly retaliating against a missed attack.
   Dex:       It affects your dexterity (+3).
 B - the +0 tower shield of the Other Side (worn) {Rampage Dex+4}
   (You acquired it on level 13 of the Dungeon)

   Dex:       It affects your dexterity (+4).
   Rampage:   It bestows one free step when moving towards enemies.
 L - a +2 cloak of willpower (worn)
 P - the +2 ring mail of Gehenna (worn) {rPois rC++ Regen+ Stlth-}
   (You bought it in a shop on level 8 of the Dungeon)

   rC:        It greatly protects you from cold.
   rPois:     It protects you from poison.
   Regen:     It increases your rate of health regeneration.
   Stlth:     It makes you less stealthy.
 W - the +0 helmet of Recklessness (worn) {rElec rPois Int+2 Dex-3}
   (You found it in a Gauntlet)

   Int:       It affects your intelligence (+2).
   Dex:       It affects your dexterity (-3).
   rElec:     It insulates you from electricity.
   rPois:     It protects you from poison.
Jewellery
 g - an amulet of reflection (around neck)
 l - a ring of resist corrosion (left hand)
 p - a +6 ring of dexterity (right hand)
 E - a ring of flight
 F - a ring of positive energy
 N - the ring "Jiny" {rC+ EV+4 Str-3 Dex+7}
   (You found it in a bailey)

   [ring of evasion]

   EV:        It affects your evasion (+4).
   Str:       It affects your strength (-3).
   Dex:       It affects your dexterity (+7).
   rC:        It protects you from cold.
 X - a +4 ring of protection
 Y - a ring of protection from fire
Wands
 c - a wand of flame (58)
 x - a wand of digging (14)
 H - a wand of paralysis (27)
 S - a wand of iceblast (35)
 T - a wand of acid (20)
 V - a wand of mindburst (43)
Scrolls
 f - 12 scrolls of teleportation
 j - 2 scrolls of identify
 k - 6 scrolls of magic mapping
 o - a scroll of fog
 v - 7 scrolls of amnesia
 C - 5 scrolls of fear
 D - a scroll of holy word
 I - 2 scrolls of blinking
 Q - a scroll of summoning
Potions
 e - 2 potions of magic
 h - 3 potions of brilliance
 i - a potion of berserk rage
 n - 3 potions of resistance
 q - 5 potions of attraction
 s - 5 potions of cancellation
 t - 4 potions of haste
 u - 7 potions of lignification
 w - 4 potions of ambrosia
 A - 5 potions of flight
 M - 10 potions of curing
 U - 3 potions of invisibility


   Skills:
 + Level 19.4 Fighting
 - Level 14.0 Polearms
 * Level 8.4 Throwing
 - Level 6.0 Armour
 + Level 24.3 Dodging
 * Level 16.3 Shields
 - Level 15.0 Invocations


You had 19 spell levels left.
You didn't know any spells.
Your spell library contained the following spells:

 Spells                   Type           Power      Damage    Failure   Level
 Beastly Appendage        Tmut           0%         N/A       87%         1
 Corona                   Hex            0%         N/A       87%         1
 Foxfire                  Conj/Fire      0%         2x1d4     87%         1
 Freeze                   Ice            0%         1d3       87%         1
 Magic Dart               Conj           0%         1d3       87%         1
 Pain                     Necr           0%         1d4       87%         1
 Blink                    Tloc           N/A        N/A       95%         2
 Call Imp                 Summ           0%         N/A       95%         2
 Corpse Rot               Necr/Air       N/A        N/A       95%         2
 Ensorcelled Hibernation  Hex/Ice        0%         N/A       95%         2
 Wereblood                Tmut           0%         N/A       95%         2
 Dazzling Flash           Conj/Hex       0%         N/A       99%         3
 Frozen Ramparts          Ice            0%         1d2       99%         3
 Inner Flame              Hex/Fire       0%         N/A       99%         3
 Lesser Beckoning         Tloc           0%         N/A       99%         3
 Mephitic Cloud           Conj/Pois/Air  0%         N/A       99%         3
 Spider Form              Tmut/Pois      0%         N/A       99%         3
 Tukima's Dance           Hex            0%         N/A       99%         3
 Airstrike                Air            0%         N/A       100%        4
 Animate Armour           Summ/Erth      0%         N/A       100%        4
 Animate Dead             Necr           0%         N/A       100%        4
 Cause Fear               Hex            0%         N/A       100%        4
 Dispel Undead            Necr           0%         3d6       100%        4
 Hailstorm                Conj/Ice       0%         3d3       100%        4
 Iskenderun's Mystic Bla  Conj/Tloc      0%         2d3       100%        4
 Summon Ice Beast         Ice/Summ       0%         N/A       100%        4
 Summon Lightning Spire   Summ/Air       0%         N/A       100%        4
 Agony                    Necr           0%         N/A       100%        5
 Blade Hands              Tmut           0%         N/A       100%        5
 Borgnjor's Vile Clutch   Necr/Erth      0%         N/A       100%        5
 Excruciating Wounds      Necr           0%         N/A       100%        5
 Fireball                 Conj/Fire      0%         3d3       100%        5
 Irradiate                Conj/Tmut      0%         3d13      100%        5
 Iskenderun's Battlesphe  Conj           0%         2d6       100%        5
 Lightning Bolt           Conj/Air       0%         1d11      100%        5
 Manifold Assault         Tloc           0%         N/A       100%        5
 Summon Mana Viper        Hex/Summ       0%         N/A       100%        5
 Conjure Ball Lightning   Conj/Air       0%         3x3d6     100%        6
 Death Channel            Necr           0%         N/A       100%        6
 Iron Shot                Conj/Erth      0%         9d1       100%        6
 Starburst                Conj/Fire      0%         6d3       100%        6
 Dragon Form              Tmut           0%         N/A       100%        7
 Haunt                    Necr/Summ      0%         N/A       100%        7
 Monstrous Menagerie      Summ           0%         N/A       100%        7
 Orb of Destruction       Conj           0%         N/A       100%        7
 Discord                  Hex            0%         N/A       100%        8
 Infestation              Necr           0%         N/A       100%        8


Dungeon Overview and Level Annotations

Branches:
Dungeon (15/15)            Temple (1/1) D:5            Lair (6/6) D:10
 Shoals (4/4) Lair:3        Snake (4/4) Lair:2        Slime (1/5) Lair:5
    Orc (2/2) D:10            Elf (0/3) Orc:2        Vaults (3/5) D:14
  Crypt (0/3) Vaults:2     Depths (0/5) D:15          Sewer (visited)
 Bailey (visited)         Gauntlet (visited)

Altars:
Ashenzari
Cheibriados
Dithmenos
Elyvilon
Fedhas
Gozag
Hepliaklqana
Kikubaaqudgha
Makhleb
Nemelex Xobeh
Okawaru
Qazlal
Ru
Sif Muna
Trog
Uskayaw
Vehumet
Wu Jian
Xom
Yredelemnul
Zin
The Shining One
Beogh
Jiyva

Shops:
D:6 (   D:8 *[   D:12 ?   D:13 **(!   Orc:2 [(**?   Shoals:1 [[*   Shoals:3 (
Snake:2 *   Snake:4 ?(?   Vaults:2 (

Annotations:
D:7 2 transporters, kalagan's ghost, amateur DECj
D:13 3 runed translucent doors, exclusion: 3 doors
Lair:1 exclusion: oklob plant
Lair:4 3 runed translucent doors, exclusion: 3 doors, 4FPSwarrior's ghost, adept OpWz
Snake:2 3 runed translucent doors, exclusions: 3 doors and obsidian statue, makewrite's ghost, journeyman MiFi
Vaults:3 Sojobo


Innate Abilities, Weirdness & Mutations

((You are quick and stealthy near water. (Stealth+, EV+, Speed+++)))
Your lower body shifts to a powerful aquatic tail in water.


Message History

The air elemental fires a burst of electricity at you.
The stunning burst misses you.
Sojobo hits you with a +1 great sword of electrocution!!
You block Sojobo's attack. x2; The air elemental hits you.
You hit Sojobo. You freeze Sojobo.
Sojobo is heavily wounded.
The air elemental closely misses you.
You riposte.
You closely miss the air elemental.
The air elemental fires a burst of electricity at you.
The stunning burst misses you. You block Sojobo's attack. Sojobo pecks you!
You block Sojobo's attack.
The air elemental fires a burst of electricity at you.
The stunning burst misses you. The air elemental misses you.
You feel yourself speed up.
The air elemental fires a burst of electricity at you.
The stunning burst misses you. You block the air elemental's attack.
Sojobo waves her feathered arms in wide circles.
The air twists around and strikes you!!
* * * LOW HITPOINT WARNING * * *
You block the air elemental's attack. x2; You block Sojobo's attack.
Sojobo completely misses you. x2
You impale Sojobo!! You freeze Sojobo!
Sojobo is severely wounded.
The air elemental fires a burst of electricity at you.
The stunning burst hits you but does no damage.
You suddenly lose the ability to move!
The air elemental hits you but does no damage.
The air elemental hits you!
* * * LOW HITPOINT WARNING * * *
The air elemental hits you but does no damage.
Sojobo hits you with a +1 great sword of electrocution!!
* * * LOW HITPOINT WARNING * * *
Sojobo pecks you but does no damage. Sojobo claws you.
* * * LOW HITPOINT WARNING * * *
The air elemental hits you but does no damage.
The air elemental fires a burst of electricity at you.
The stunning burst hits you. You resist.
* * * LOW HITPOINT WARNING * * *
Sojobo hits you with a +1 great sword of electrocution!
You die...

.....................
.....................
.....................
#######+#####'##########
#...#.#.#####...####
#{#.###.........#
#p#c#.##.##...##.#
#c###Q###.###### #


#pp #.#@##.##...##.# #. ##EE##.........# #. #.#.#####...#### # ##.######'###
#.#.#......# #.#.##......# ..#.#.'......# ########......# #......# You could see
Sojobo (fast, repels missiles), a yaktaur and 2 air elementals.

Vanquished Creatures
  Bai Suzhen (Shoals:4)
  Saint Roka (Orc:2)
  Jorgrun (Shoals:1)
  A tentacled monstrosity (Vaults:2)
  Gastronok (Lair:3)
  A sphinx (Vaults:3)
  Polyphemus (Shoals:4)
  A kraken (Shoals:1)
  Kirke (Snake:2)
  Donald (Shoals:1)
  3 nagarajas
  8 vault wardens
  7 ironbound preservers
  A very ugly thing (Vaults:2)
  2 entropy weavers (Vaults:1)
  6 dire elephants
  A minotaur (Gauntlet)
  5 merfolk javelineers (Shoals:4)
  7 merfolk impalers
  An ettin (Vaults:2)
  A great orb of eyes (shapeshifter) (Vaults:2)
  3 great orbs of eyes
  2 yaktaur captains
  Harold (D:6)
  9 hydras
  6 vault guards
  3 ogre magi
  3 salamander tyrants (Snake:4)
  A catoblepas (Shoals:3)
  16 naga warriors
  6 merfolk aquamancers
  6 ironbound thunderhulks
  A peacekeeper (Vaults:3)
  5 boulder beetles
  12 anacondas
  3 alligator snapping turtles (Shoals:4)
  7 ironbound frosthearts
  An alligator (Lair:6)
  6 centaur warriors
  12 two-headed ogres
  4 merfolk avatars
  12 death yaks
  A satyr (Shoals:4)
  4 tengu warriors
  8 ironbound beastmasters
  5 shock serpents
  14 spriggans (Lair:6)
  6 naga sharpshooters
  10 skeletal warriors
  4 salamander mystics
  14 sea snakes
  16 deep trolls
  7 naga ritualists
  10 ironbound convokers
  9 lindwurms
  5 orc knights
  6 wizards
  20 harpies
  Pikel (D:7)
  A deep elf pyromancer (D:12)
  A phantasmal warrior (Vaults:1)
  9 mana vipers
  A harpy (shapeshifter) (D:13)
  2 orc sorcerers (Orc:1)
  21 slime creatures
  19 ugly things
  16 manticores
  15 salamanders
  11 fauns
  5 elephants (Lair:6)
  A salamander (shapeshifter) (D:15)
  Maurice (D:9)
  4 cyclopes
  6 merfolk sirens
  6 water nymphs
  2 guardian serpents (Snake:4)
  6 vault sentinels
  Joseph (D:10)
  42 black mambas
  11 naga magi
  11 cane toads
  A torpor snail (Lair:5)
  2 gargoyles
  A rime drake (Lair:1)
  An unseen horror (D:13)
  9 komodo dragons
  2 kobold demonologists
  A tengu conjurer (D:13)
  17 yaktaurs
  3 meliai (D:13)
  6 trolls
  8 polar bears
  36 merfolk
  7 wind drakes
  4 hornets
  11 snapping turtles
  14 blink frogs
  A raiju (shapeshifter) (D:14)
  A dream sheep (shapeshifter) (Vaults:2)
  11 dream sheep
  2 meliai zombies
  6 flying skulls (Gauntlet)
  A centaur simulacrum (D:15)
  3 shadows
  6 wyverns
  4 redbacks (Vaults:1)
  19 water elementals
  2 tarantellas (Vaults:1)
  A wraith (Shoals:3)
  2 vampires
  19 yaks
  5 basilisks
  3 hogs
  6 vampire mosquitoes
  Menkaure (D:6)
  Edmund (D:5)
  5 wargs
  32 nagas
  17 water moccasins
  2 floating eyes (shapeshifter)
  3 necrophages
  35 orc warriors
  An ice beast (D:6)
  10 black bears
  3 sky beasts
  8 ogres
  32 wolves
  5 boggarts (Lair:6)
  8 centaurs
  A lemure (D:7)
  A wyvern zombie (D:7)
  12 bullfrogs
  6 kobold brigands
  3 scorpions
  6 killer bees (D:9)
  8 wights (D:8)
  2 howler monkeys
  An electric eel (D:13)
  6 centaur zombies
  3 bullfrog zombies
  22 orc priests
  2 bullfrog skeletons
  7 hounds
  A jelly (D:7)
  Jessica (D:2)
  2 iguanas (D:6)
  38 orc wizards
  14 hell rats
  A killer bee zombie (D:7)
  A howler monkey zombie (D:7)
  Robin (D:4)
  3 adders
  14 river rats
  A shadow imp (Gauntlet)
  7 white imps
  4 ufetubi
  A worm (D:4)
  4 dart slugs
  80 orcs
  6 ball pythons
  6 endoplasms
  4 giant cockroaches
  22 goblins
  13 hobgoblins
  6 jackals
  8 quokkas
  A bat (D:3)
  2 frilled lizards
  52 kobolds
  A quokka skeleton (D:4)
  17 rats
  3 tentacles (Shoals:1)
1275 creatures vanquished.

Vanquished Creatures (collateral kills)
  Mara (Shoals:4)
  A quicksilver ooze (Gauntlet)
  An entropy weaver (Vaults:2)
  Snorg (Lair:3)
  A vault sentinel (Vaults:2)
  2 naga magi (Snake:4)
  2 merfolk (Shoals:4)
  A basilisk (Lair:3)
10 creatures vanquished.

Vanquished Creatures (others)
  A human (Snake:2)
  39 fungi
  125 plants
  2 tentacles (Shoals:1)
167 creatures vanquished.

Grand Total: 1452 creatures vanquished

Notes
Turn   | Place    | Note
-------+----------+-------------------------------------------
     0 | D:1      | AarnesTheHuman the Merfolk Gladiator began the quest for
                  | the Orb.
     0 | D:1      | Reached XP level 1. HP: 16/16 MP: 1/1
    41 | D:1      | You fall into a shaft and drop 1 floor!
    73 | D:2      | Reached XP level 2. HP: 7/23 MP: 2/2
   429 | D:2      | Noticed Jessica
   440 | D:2      | Killed Jessica
   441 | D:2      | Reached skill level 5 in Polearms
   441 | D:2      | Reached XP level 3. HP: 13/28 MP: 3/3
  1276 | D:1      | Found a faded altar of an unknown god.
  1283 | D:1      | Got Plato's Collected Works on Fire
  1585 | D:2      | Reached XP level 4. HP: 34/34 MP: 4/4
  1766 | D:3      | Found a snail-covered altar of Cheibriados.
  1774 | D:3      | Found a shimmering blue altar of Sif Muna.
  2246 | D:3      | Found a sacrificial altar of Ru.
  2284 | D:3      | Found a white marble altar of Elyvilon.
  2284 | D:3      | Found a stormy altar of Qazlal.
  2392 | D:4      | Found a glowing drain.
  2414 | Sewer    | Entered a sewer
  2936 | Sewer    | Reached XP level 5. HP: 41/41 MP: 5/5
  2983 | Sewer    | Noticed a kobold brigand
  2993 | Sewer    | Killed a kobold brigand
  2994 | Sewer    | Reached skill level 5 in Dodging
  2994 | Sewer    | Reached skill level 1 in Shields
  3000 | Sewer    | Noticed a kobold brigand
  3016 | Sewer    | Killed a kobold brigand
  3017 | Sewer    | Reached XP level 6. HP: 45/48 MP: 6/6
  3196 | D:4      | Noticed Robin
  3401 | D:4      | Killed Robin
  4469 | D:5      | Entered Level 5 of the Dungeon
  4509 | D:5      | Found a staircase to the Ecumenical Temple.
  4518 | Temple   | Entered the Ecumenical Temple
  4982 | Temple   | Became a worshipper of Makhleb the Destroyer
  5110 | D:5      | Noticed a black bear
  5115 | D:5      | Killed a black bear
  5116 | D:5      | Reached XP level 7. HP: 54/54 MP: 7/7
  5128 | D:5      | Found a basalt altar of Yredelemnul.
  5185 | D:5      | Reached skill level 6 in Dodging
  5185 | D:5      | Reached skill level 1 in Invocations
  5500 | D:5      | Noticed Edmund
  5512 | D:4      | Reached XP level 8. HP: 53/61 MP: 9/9
  5563 | D:5      | Killed Edmund
  5758 | D:5      | Identified the +2 ring mail "Litsuo Jibue" {+Inv}
  5793 | D:5      | Found a sparkling altar of Nemelex Xobeh.
  5905 | D:6      | Found Tyzasuze's Weapon Boutique.
  5912 | D:6      | Reached skill level 5 in Fighting
  5919 | D:6      | Reached skill level 7 in Dodging
  6161 | D:6      | Reached * piety under Makhleb
  6195 | D:6      | Found a hide-covered altar of Uskayaw.
  6207 | D:6      | Reached XP level 9. HP: 66/69 MP: 12/12
  6232 | D:6      | Reached skill level 8 in Dodging
  6411 | D:6      | Reached skill level 10 in Polearms
  6813 | D:7      | Noticed Harold
  6836 | D:6      | Killed Harold
  6837 | D:6      | Reached skill level 5 in Invocations
  7078 | D:7      | Noticed Menkaure
  7084 | D:6      | Killed Menkaure
  7085 | D:6      | Reached skill level 9 in Dodging
  7247 | D:7      | Noticed a moth of wrath
  7248 | D:7      | Noticed kalagan's ghost (amateur DECj)
  7266 | D:7      | Found a transporter.
  7487 | D:7      | Reached XP level 10. HP: 74/79 MP: 14/14
  7488 | D:7      | Noticed a gargoyle
  7537 | D:7      | HP: 1/79 [gargoyle/stone arrow (13)]
  7540 | D:7      | Killed a gargoyle
  7540 | D:7      | Reached ** piety under Makhleb
  7944 | D:7      | Found a glowing silver altar of Zin.
  7944 | D:7      | Noticed Pikel
  7961 | D:7      | Killed Pikel
  8034 | D:7      | Found a transporter.
  8224 | D:7      | Found a faded altar of an unknown god.
  8226 | D:7      | Found a hazy altar of Hepliaklqana.
  8310 | D:8      | Identified a scroll of acquirement
  8310 | D:8      | Acquired a manual of Dodging
  8352 | D:8      | Reached skill level 10 in Dodging
  8389 | D:8      | Found Lemel's Armour Shop.
  8714 | D:8      | Found Digountu's Island Escapes.
  8837 | D:8      | Reached *** piety under Makhleb
  9071 | D:9      | Found an ornate altar of the Wu Jian Council.
  9180 | D:9      | Found a glowing golden altar of the Shining One.
  9232 | D:9      | Reached skill level 5 in Shields
  9318 | D:9      | Noticed Maurice
  9337 | D:9      | Killed Maurice
  9382 | D:9      | Reached skill level 11 in Dodging
  9388 | D:9      | You fall into a shaft and drop 1 floor!
  9388 | D:10     | Entered Level 10 of the Dungeon
  9399 | D:10     | Found a flagged portal.
  9423 | Bailey   | Entered a bailey
  9601 | Bailey   | Reached XP level 11. HP: 87/87 MP: 16/16
  9612 | Bailey   | Reached **** piety under Makhleb
  9691 | Bailey   | Identified the ring "Jiny" {rC+ EV+4 Str-3 Dex+7}
 10138 | D:9      | Found an iron altar of Okawaru.
 10341 | D:10     | Noticed a two-headed ogre
 10511 | D:9      | Found an ornate altar of the Wu Jian Council.
 10645 | D:9      | Found an iron altar of Okawaru.
 10776 | D:9      | Killed a two-headed ogre
 10777 | D:9      | Reached skill level 12 in Dodging
 10805 | D:9      | Found a glowing golden altar of the Shining One.
 11120 | D:8      | Bought the +2 ring mail of Gehenna {rPois rC++ Regen+
                  | Stlth-} for 454 gold pieces
 11339 | D:10     | Found a staircase to the Lair.
 11553 | D:10     | Found a staircase to the Orcish Mines.
 11733 | D:10     | Noticed a two-headed ogre
 11740 | D:10     | Killed a two-headed ogre
 11767 | D:10     | Noticed Joseph
 11773 | D:10     | Killed Joseph
 11774 | D:10     | Reached skill level 13 in Dodging
 11882 | D:10     | Found a shimmering altar of Xom.
 12362 | D:11     | Identified the ring "Dixao" {Wiz Str+5 Dex-4}
 12583 | D:11     | Noticed a cyclops
 12588 | D:11     | Killed a cyclops
 12806 | D:11     | Reached XP level 12. HP: 97/97 MP: 17/17
 12808 | D:11     | Reached ***** piety under Makhleb
 13267 | Lair:1   | Entered Level 1 of the Lair of Beasts
 13346 | Lair:1   | Found a gate leading to a gauntlet.
 13365 | Lair:1   | Reached skill level 10 in Fighting
 13375 | Gauntlet | Entered a Gauntlet
 13375 | Gauntlet | Found a transporter.
 13375 | Gauntlet | Found a transporter.
 13381 | Gauntlet | Found a transporter.
 13393 | Gauntlet | Found a transporter.
 13411 | Gauntlet | Found a transporter.
 13411 | Gauntlet | Found a transporter.
 13411 | Gauntlet | Found a transporter.
 13413 | Gauntlet | Found a transporter.
 13413 | Gauntlet | Found a transporter.
 13418 | Gauntlet | Found a runed translucent door.
 13418 | Gauntlet | Found a runed translucent door.
 13422 | Gauntlet | Noticed a blizzard demon
 13423 | Gauntlet | Found a runed translucent door.
 13425 | Gauntlet | Found a transporter.
 13441 | Gauntlet | Found a transporter.
 13443 | Gauntlet | Found a runed translucent door.
 13448 | Gauntlet | Noticed a quicksilver ooze
 13451 | Gauntlet | Found a transporter.
 13465 | Gauntlet | Found a transporter.
 13486 | Gauntlet | Found a transporter.
 13735 | Gauntlet | Reached skill level 14 in Dodging
 13752 | Gauntlet | Identified the amulet "Zekhlu" {Regen+ Stlth+}
 13800 | Gauntlet | Killed a quicksilver ooze
 13810 | Gauntlet | Identified the +0 helmet of Recklessness {rElec rPois Int+2
                  | Dex-3}
 13915 | Gauntlet | Identified the +9 war axe "Hazuumux" {flame, Str+2 Int+3
                  | Dex+2}
 13915 | Gauntlet | Noticed a minotaur
 13945 | Gauntlet | Killed a minotaur
 14241 | Lair:1   | Noticed an eight-headed hydra
 14285 | Lair:1   | Found an ornate altar of the Wu Jian Council.
 14311 | Lair:1   | Killed an eight-headed hydra
 14389 | Lair:1   | Noticed an eight-headed hydra
 14396 | Lair:1   | Killed an eight-headed hydra
 14397 | Lair:1   | Reached skill level 10 in Shields
 15245 | Lair:2   | You fall into a shaft and drop 2 floors!
 15262 | Lair:4   | Reached skill level 15 in Dodging
 15262 | Lair:4   | Noticed an eight-headed hydra
 15274 | Lair:4   | Killed an eight-headed hydra
 15325 | Lair:4   | Reached XP level 13. HP: 105/105 MP: 19/19
 15378 | Lair:4   | Found a runed translucent gate.
 15379 | Lair:4   | Found a runed translucent gate.
 15380 | Lair:4   | Found a runed translucent gate.
 15439 | Lair:4   | Reached ****** piety under Makhleb
 16223 | Lair:2   | Found a staircase to the Snake Pit.
 16230 | Lair:2   | Reached skill level 16 in Dodging
 16653 | Lair:3   | Found a staircase to the Shoals.
 16692 | Lair:3   | Noticed Gastronok
 16728 | Lair:3   | Killed Gastronok
 17059 | Lair:3   | Noticed Snorg
 17065 | Lair:3   | Killed Snorg
 17896 | Lair:4   | Noticed 4FPSwarrior's ghost (adept OpWz)
 17949 | Lair:5   | Found a viscous altar of Jiyva.
 17949 | Lair:5   | Found a staircase to the Slime Pits.
 18047 | Lair:5   | Reached skill level 17 in Dodging
 18303 | Lair:5   | Identified the +1 scale mail "Yxtauck" {Rampage}
 18385 | Lair:6   | Entered Level 6 of the Lair of Beasts
 18438 | Slime:1  | Entered Level 1 of the Pits of Slime
 18494 | Lair:5   | Reached skill level 1 in Armour
 18580 | Lair:6   | Reached XP level 14. HP: 108/115 MP: 20/20
 19170 | Lair:6   | Reached skill level 18 in Dodging
 20510 | Orc:1    | Entered Level 1 of the Orcish Mines
 20692 | D:12     | Reached XP level 15. HP: 122/122 MP: 22/22
 20724 | D:12     | Found Kofabbeh's Magic Scroll Shop.
 20729 | D:12     | Bought a scroll of brand weapon for 300 gold pieces
 21365 | Orc:2    | Entered Level 2 of the Orcish Mines
 21430 | Orc:1    | Reached skill level 10 in Invocations
 21990 | Orc:2    | Found Haga's Assorted Antiques.
 22190 | Orc:2    | Found a staircase to the Elven Halls.
 22488 | Orc:2    | Noticed Saint Roka
 22569 | Orc:2    | Killed Saint Roka
 22600 | Orc:2    | Found Diajeezi's Antique Weapon Emporium.
 22609 | Orc:2    | Found Hiocuoso's Antique Armour Shoppe.
 22798 | Orc:2    | Found Yklacuva's Magic Scroll Shop.
 23049 | Orc:2    | Found Zaticlui's Assorted Antiques.
 23144 | Orc:2    | Bought the +0 pair of fencer's gloves {Riposte Dex+3} for
                  | 840 gold pieces
 23144 | Orc:2    | Found the +0 pair of fencer's gloves {Riposte Dex+3}
 23363 | D:13     | Found Disaidghehoj's General Store.
 23522 | D:13     | Found Pumeebb's Distillery.
 23614 | D:13     | Found Genos's Assorted Antiques.
 23615 | D:13     | Identified the +6 hunting sling "Ymiu" {flame, rF+ rN+
                  | Dex+3}
 23647 | D:13     | Found Reoqadur's Weapon Boutique.
 23740 | D:13     | Found a runed translucent gate.
 23742 | D:13     | Found a runed translucent gate.
 23743 | D:13     | Found a runed translucent gate.
 24162 | D:13     | Reached skill level 19 in Dodging
 24342 | D:14     | Found a stormy altar of Qazlal.
 24384 | D:14     | Found a gate to the Vaults.
 24727 | D:14     | Reached skill level 15 in Shields
 24741 | D:14     | Reached skill level 5 in Armour
 25114 | D:15     | Entered Level 15 of the Dungeon
 25258 | D:15     | Reached XP level 16. HP: 132/132 MP: 24/24
 25336 | D:15     | Found a staircase to the Depths.
 26486 | Shoals:1 | Entered Level 1 of the Shoals
 26575 | Shoals:1 | Noticed Donald
 26613 | Shoals:1 | HP: 1/133 [Donald (9)]
 26616 | Shoals:1 | Killed Donald
 26767 | Shoals:1 | Noticed a kraken
 26785 | Shoals:1 | Killed a kraken
 26815 | Shoals:1 | Found Jowit's Armour Shoppe.
 26847 | Shoals:1 | Noticed Jorgrun
 26911 | Shoals:1 | Killed Jorgrun
 26999 | Shoals:1 | Found Citaug's General Store.
 27174 | Shoals:1 | Identified the +5 falchion "Wuifabb" {drain, rElec Will+
                  | Stlth+}
 27325 | Shoals:1 | Found Oseg's Armour Shop.
 27612 | Shoals:1 | Reached skill level 20 in Dodging
 28226 | Shoals:2 | Reached XP level 17. HP: 140/140 MP: 26/26
 28407 | Shoals:2 | Reached skill level 15 in Fighting
 28572 | Shoals:3 | Found Toetsiex's Weapon Emporium.
 29501 | Shoals:3 | Identified the +1 robe of Ladwig {rElec Dex+4}
 29812 | Shoals:4 | Entered Level 4 of the Shoals
 30227 | Shoals:4 | Reached skill level 21 in Dodging
 30645 | Shoals:4 | Noticed Mara
 30660 | Shoals:4 | Noticed AarnesTheHuman's illusion
 30817 | Snake:1  | Entered Level 1 of the Snake Pit
 31293 | Snake:2  | Found a runed translucent gate.
 31293 | Snake:2  | Found a runed translucent gate.
 31293 | Snake:2  | Found a runed translucent gate.
 31294 | Snake:2  | Found an opulent altar of Gozag.
 31295 | Snake:2  | Noticed makewrite's ghost (journeyman MiFi)
 31302 | Snake:2  | Found Viqask's Assorted Antiques.
 31324 | Snake:2  | Identified the +5 quarterstaff of Supply {venom, rF++ rCorr
                  | Str+4 Int-4}
 31401 | Snake:2  | Noticed Kirke
 31407 | Snake:2  | Noticed a sphinx
 31577 | Snake:2  | Killed Kirke
 31824 | Snake:2  | Reached XP level 18. HP: 153/153 MP: 27/27
 31920 | Snake:2  | Reached skill level 22 in Dodging
 32293 | Snake:2  | Found a runed translucent gate.
 32293 | Snake:2  | Found a runed translucent gate.
 32293 | Snake:2  | Found a runed translucent gate.
 32294 | Snake:2  | Found an opulent altar of Gozag.
 32295 | Snake:2  | Found Viqask's Assorted Antiques.
 32621 | Snake:2  | Found a runed translucent gate.
 32621 | Snake:2  | Found a runed translucent gate.
 32621 | Snake:2  | Found a runed translucent gate.
 32622 | Snake:2  | Found an opulent altar of Gozag.
 32624 | Snake:2  | Found Viqask's Assorted Antiques.
 34112 | Snake:4  | Entered Level 4 of the Snake Pit
 34524 | Snake:4  | Identified the +10 great sword of Skirmishing {vorpal,
                  | rElec}
 34895 | Snake:4  | Found Aniobrou's Weapon Shop.
 34899 | Snake:4  | Found Mokhoh's Magic Scroll Shoppe.
 34909 | Snake:4  | Bought a scroll of blinking for 142 gold pieces
 35080 | Snake:4  | Reached skill level 23 in Dodging
 35849 | Snake:4  | Found Ricarinn's Magic Scroll Boutique.
 36174 | Snake:4  | Got a serpentine rune of Zot
 36437 | Shoals:1 | Bought a +3 scale mail of fire resistance for 364 gold
                  | pieces
 36539 | Shoals:4 | Noticed AarnesTheHuman's illusion
 36616 | Shoals:3 | Reached XP level 19. HP: 61/164 MP: 28/28
 37006 | Shoals:4 | Noticed AarnesTheHuman's illusion
 37472 | Shoals:4 | Noticed AarnesTheHuman's illusion
 37622 | Shoals:4 | Noticed AarnesTheHuman's illusion
 37885 | Shoals:4 | Noticed AarnesTheHuman's illusion
 37923 | Shoals:4 | Noticed AarnesTheHuman's illusion
 37929 | Shoals:4 | Killed Mara
 38027 | Shoals:4 | Noticed Polyphemus
 38294 | Shoals:4 | Killed Polyphemus
 39000 | Vaults:1 | Entered Level 1 of the Vaults
 39428 | D:13     | Bought a golden ring for 175 gold pieces
 39433 | D:13     | Acquired the +0 tower shield of the Other Side {Rampage
                  | Dex+4}
 41009 | Vaults:1 | Reached skill level 5 in Throwing
 41247 | Vaults:1 | Reached skill level 24 in Dodging
 41858 | Vaults:2 | Reached XP level 20. HP: 174/174 MP: 30/30
 42007 | Vaults:2 | Found Detti's Weapon Shop.
 43007 | Shoals:4 | Noticed Bai Suzhen
 43040 | Shoals:4 | Killed Bai Suzhen
 43149 | Shoals:4 | Got a barnacled rune of Zot
 44611 | Vaults:2 | Found a staircase to the Crypt.
 44611 | Vaults:2 | Found an ancient bone altar of Kikubaaqudgha.
 44613 | Vaults:2 | Found a basalt altar of Yredelemnul.
 44724 | Vaults:2 | Identified the +8 arbalest of Ydisuclu {flame, rElec}
 45655 | Vaults:3 | Reached skill level 15 in Invocations
 46583 | Vaults:3 | Noticed Sojobo
 46627 | Vaults:3 | Paralysed by an air elemental for 1 turns
 46628 | Vaults:3 | HP: 8/174 [Sojobo (5)]
 46628 | Vaults:3 | HP: 3/174 [air elemental/stunning burst[Sojobo] (5)]
 46628 | Vaults:3 | Mangled by Sojobo

Illustrated notes

Levels and vault maps discovered:
D:1:      ncdulo_smallfort, layout_basic, shapermc_ecumenical_altar_rom_forum,
          minmay_tall_x
D:2:      layout_rooms, uniq_jessica
D:3:      layout_basic, minitemple, gammafunk_temple_overflow_pools
D:4:      layout_loops_corners, cheibrodos_sewer_entry_sluice,
          minmay_surrounded, uniq_robin
D:5:      minmay_general_purpose_star, layout_basic, mainiacjoe_overflow_paths,
          nemelex_altar_shiori, minmay_temple_entry_junction,
          minmay_misc_feat_diagonals, uniq_edmund
D:6:      layout_basic, serial_shops, nicolae_stop_n_shop_2,
          minmay_ruined_shrine
D:7:      layout_rooms, kennysheep_little_box,
          beargit_hepliaklqana_dungeon_heroes,
          gammafunk_ghost_berserking_beasts, uniq_pikel, uniq_menkaure,
          uniq_harold
D:8:      layout_loops_ring, serial_shops, kennysheep_mini,
          nicolae_island_escapes
D:9:      layout_loops_cross, mainiacjoe_overflow_small_starburst,
          mainiacjoe_overflow_chevrons, mainiacjoe_overflow_catwalk,
          uniq_maurice
D:10:     minmay_flawed_box, layout_small_grid, lemuel_doored_altar,
          due_lair_maze_entry_diamond, david_orc_3, enter_bailey_5,
          grunt_decor_arrowhead, uniq_joseph
D:11:     layout_stronghold
D:12:     layout_irregular_city, serial_shops, nicolae_shop_waterfront
D:13:     layout_basic, serial_shops, nicolae_shop_waterfront,
          nicolae_diamond_shop, shop, shop,
          ploomutoo_gammafunk_ghost_potion_laboratory
D:14:     layout_basic, david_vaults_2, nicolae_qazlal_style_of_elements,
          hex_tiny
D:15:     gammafunk_enter_depths_forms, layout_basic, minmay_misc_feat_rugged
Temple:   jpeg_temple_island
Lair:1:   lemuel_ratsnest, layout_cave_pods, gauntlet_entry_generic,
          lemuel_oklob_altar
Lair:2:   beast_lair_carwin_large_3, layout_layer_cave,
          minmay_snake_entry_guardpost_small
Lair:3:   layout_gridlike, shoals_dummy_entry, uniq_snorg, uniq_gastronok
Lair:4:   layout_small_grid, ebering_ghost_rock_garden, lemuel_fruit_fields
Lair:5:   layout_misc_corridors, slime_altar_1
Lair:6:   minmay_lair_end_enchanted_forest, layout_gridlike, grunt_megastairs_2
Shoals:1: layout_shoals, serial_shops, nicolae_lakefront_shop, shop, shop,
          nicolae_shoals_kraken_intersection, uniq_jorgrun, uniq_donald
Shoals:2: layout_shoals, abandoned_shop
Shoals:3: layout_shoals, serial_shops, nicolae_shop_crystal,
          nicolae_shoals_so_close
Shoals:4: shoals_end_simple, layout_shoals, uniq_mara, uniq_polyphemus,
          uniq_bai_suzhen
Snake:1:  layout_rooms
Snake:2:  layout_concentric_octagons, ebering_ghost_gozag, uniq_kirke
Snake:3:  layout_cave_town
Snake:4:  snake_pit, layout_cave_town, serial_shops, nicolae_shop_waterfront,
          shop_statue, shop_statue
Slime:1:  layout_caves, cheibrodos_slime_lost_civilization_7
Orc:1:    nicolae_orc_accident_2, layout_diamond_mine
Orc:2:    grunt_orc_community_town_hall, layout_diamond_mine,
          grunt_orc_community_big_house_1, grunt_orc_community_big_house_1,
          grunt_orc_community_house_3, grunt_orc_community_house_1,
          grunt_orc_community_house_2, grunt_orc_community_house_3,
          serial_shops, nicolae_shop_behind_doors, mines1_david
Vaults:1: grunt_vaults_diagonal, vaults_room_guarded_vault,
          ontoclasm_vaults_pinch, ontoclasm_vaults_chip, v_alt_pattern_4,
          nicolae_vaults_what_the_h, vaults_room_door_hall, vaults_room_hallway,
          nicolae_vaults_specimen_jars, v_rooms_1, v_misc_22,
          layout_vaults_omnicross
Vaults:2: minmay_crypt_entry_necro_gods, hangedman_vaults_corner_blocks,
          v_rooms_3, nicolae_vaults_yaktaur_gun_rack, st_hourglassy,
          nicolae_vaults_shelves_hall, nicolae_vaults_circle_grid_b,
          vaults_room_stairs_pillars, vaults_dpeg_diagonal,
          dpeg_vaults_monster_box, layout_vaults_omnibox
Vaults:3: v_misc_31, nicolae_vaults_three_branches, vaults_mumra_chevron_long,
          ontoclasm_vaults_loading_screen, hangedman_vaults_nails, v_pattern_5,
          nicolae_vaults_big_ls, ontoclasm_vaults_decontamination,
          hangedman_vaults_stretched_pinwheel, hangedman_vaults_variations,
          vaults_mumra_bighexcomb, ontoclasm_vaults_gateway, layout_vaults_ring,
          uniq_sojobo, uniq_xtahua

Skill      XL: |  1  2  3  4  5  6  7  8  9 10 11 12 13 14 15 16 17 18 19 20 |
---------------+-------------------------------------------------------------+-----
Polearms       | 5 6 7 8 9 11 12 13 14 | 14.0
Fighting       | 3 4 5 7 8 9 10 12 13 14 16 18 19 | 19.4
Dodging        | 5 6 7 9 11 13 15 17 18 19 20 21 23 24 | 24.3
Shields        | 1 2 4 6 8 10 12 13 15 16 | 16.3
Invocations    | 2 4 6 7 8 9 11 12 13 14 15 | 15.0
Armour         | 1 3 5 6 |  6.0
Throwing       | 5 8 |  8.4

Action                   |  1- 3 |  4- 6 |  7- 9 | 10-12 | 13-15 | 16-18 | 19-21 || total
-------------------------+-------+-------+-------+-------+-------+-------+-------++-------
Melee: Trident           |    72 |   172 |   260 |   835 |  1606 |  2427 |  1554 ||  6926
       Tailslap          |       |     5 |       |     2 |     3 |    48 |    24 ||    82
       Demon trident     |       |       |       |       |   153 |       |       ||   153
Throw: Dart              |       |     7 |     6 |    22 |    16 |     7 |    26 ||    84
       Throwing net      |       |       |       |       |       |     1 |       ||     1
       Javelin           |       |       |       |       |       |       |    20 ||    20
Invok: Lesser Servant of |       |       |       |     1 |     2 |     5 |     3 ||    11
       Minor Destruction |       |       |       |       |     3 |       |       ||     3
       Greater Servant o |       |       |       |       |       |     1 |     9 ||    10
       Major Destruction |       |       |       |       |       |       |     2 ||     2
Evoke: Wand              |       |       |       |     1 |       |       |       ||     1
  Use: Scroll            |       |    12 |     1 |    15 |    13 |     2 |     7 ||    50
       Potion            |       |       |       |     2 |     1 |     3 |     8 ||    14
 Stab: Sleeping          |     1 |     1 |     1 |       |       |       |       ||     3
       Distracted        |       |       |     1 |       |       |     2 |     3 ||     6
       Petrifying        |       |       |       |       |       |       |     1 ||     1
       Petrified         |       |       |       |       |       |       |     1 ||     1
Armor: Leather armour    |    21 |    30 |       |       |       |       |       ||    51
       Scale mail        |       |     6 |     3 |       |       |     4 |    17 ||    30
       Ring mail         |       |       |    37 |   120 |   164 |   139 |    99 ||   559
Dodge: Dodged            |    31 |    55 |    81 |   311 |   459 |   818 |   762 ||  2517
Block: Buckler           |       |    28 |    81 |    27 |       |       |       ||   136
       Reflection        |       |       |     3 |    50 |    25 |   165 |    69 ||   312
       Kite shield       |       |       |       |   515 |  1078 |  1564 |   176 ||  3333
       Tower shield      |       |       |       |       |       |       |  1195 ||  1195
       Rpst.: Trident    |       |       |       |       |     9 |   112 |   110 ||   231
       Demon trident     |       |       |       |       |     1 |       |       ||     1
